 Dungeon Crawl Stone Soup version 0.24-a0-613-g1ff6aac338 (webtiles) character file.

Game seed: 7830071243074276309, levelgen mode: deterministic

99611 MirrMurr the Imperceptible (level 15, 0/81 HPs)
             Began as a Spriggan Enchanter on Sept 10, 2019.
             Was a High Priest of Ashenzari.
             Killed from afar by Nikola (8 damage)
             ... with a chain lightning
             ... on level 2 of the Lair of Beasts on Sept 11, 2019.
             The game lasted 01:52:13 (42610 turns).

MirrMurr the Imperceptible (Spriggan Enchanter)    Turns: 42610, Time: 01:52:14

Health: 0/81       AC:  8    Str: 11    XL:     15   Next: 78%
Magic:  23/30      EV: 49    Int: 17    God:    Ashenzari [*****.]
Gold:   1845       SH: 11    Dex: 19    Spells: 14/34 levels left

rFire    + . .     SeeInvis +   a - +1 quick blade (flame)
rCold    + . .     Gourm    .   M - +3 buckler {AC+3} (curse)
rNeg     + . .     Faith    .   B - +2 robe
rPois    +         Spirit   .   G - -2 hat of the Alchemist {rElec rPois rF+ rC+ rN+ MR+ rMut rCorr} (curse)
rElec    +         Reflect  .   f - +2 cloak (curse)
rCorr    +         Harm     .   (gloves unavailable)
rMut     +         Clarity  +   (boots unavailable)
MR       +++..                  O - amulet of the acrobat
Stlth    +++++++++.             g - +3 ring of strength
HPRegen  0.23/turn              (no ring)
MPRegen  0.22/turn

@: acrobat, very quick
A: very small, unfitting armour, see invisible, herbivore, speed 3, slow
metabolism 2
a: Curse Item, Scrying, Transfer Knowledge, Renounce Religion


You were on level 2 of the Lair of Beasts.
You worshipped Ashenzari.
Ashenzari was extremely pleased with you.
You were not hungry.

You visited 5 branches of the dungeon, and saw 25 of its levels.
You also visited: Volcano.

You collected 2910 gold pieces.
You spent 1065 gold pieces at shops.

Inventory:

Hand Weapons
 a - a +1 quick blade of flaming (weapon)
 b - a +2 hunting sling of flaming
 w - the +2 rapier "Roywefuj" {freeze, rF+ Str+4 SInv}
   (You found it on level 2 of the Lair of Beasts)

   It has been specially enchanted to freeze those struck by it, causing extra
   injury to most foes and up to half again as much damage against particularly
   susceptible opponents.
   It can also slow down cold-blooded creatures.
   It affects your strength (+4).
   It protects you from fire.
   It lets you see invisible.
Missiles
 e - 498 stones (quivered)
 l - 70 poisoned darts
 n - 172 sling bullets
 T - a throwing net
Armour
 f - a cursed +2 cloak (worn)
 B - a +2 robe (worn)
 G - the cursed -2 hat of the Alchemist (worn) {rElec rPois rF+ rC+ rN+ MR+ rMut rCorr}
   (You acquired it on level 9 of the Dungeon)

   It protects you from fire.
   It protects you from cold.
   It insulates you from electricity.
   It protects you from poison.
   It protects you from negative energy.
   It affects your resistance to hostile enchantments.
   It provides partial protection from all sources of acid and corrosion.
   It protects you from mutation.
   It has a curse placed upon it.
 M - a cursed +3 buckler of protection (worn)
 N - the +0 cloak of Unreason {rC+ MR+}
   (You found it on level 6 of the Lair of Beasts)

   It protects you from cold.
   It affects your resistance to hostile enchantments.
Jewellery
 g - a +3 ring of strength (left hand)
 t - an uncursed amulet of regeneration
 F - an uncursed ring of fire
 O - an amulet of the acrobat (around neck)
Wands
 o - a wand of iceblast (27)
 x - a wand of acid (16)
 y - a wand of digging (4)
 C - a wand of scattershot (13)
 D - a wand of random effects (48)
 E - a wand of flame (79)
 I - a wand of paralysis (10)
 J - a wand of polymorph (19)
 V - a wand of disintegration (17)
Scrolls
 h - a scroll of fear
 i - 5 scrolls of identify
 q - 13 scrolls of teleportation
 r - 8 scrolls of remove curse
 K - a scroll of silence
 P - 2 scrolls of magic mapping
 Q - a scroll of immolation
 R - a scroll of blinking
 S - a scroll of enchant armour
Potions
 d - 6 potions of ambrosia
 j - 3 potions of brilliance
 k - 8 potions of might
 m - 4 potions of flight
 p - 9 potions of curing
 s - 2 potions of berserk rage
 u - 10 potions of heal wounds
 v - 6 potions of haste
 z - 2 potions of mutation
 A - 5 potions of lignification
 H - 4 potions of resistance {volcano}
 L - 3 potions of agility {volcano}
 U - a potion of invisibility
Comestibles
 c - 21 rations


   Skills:
 + Level 10.3 Fighting
 - Level 10.0 Short Blades
 + Level 15.5(17.7) Dodging
 + Level 21.6(23.5) Stealth
 - Level 5.0(7.6) Shields
 + Level 10.1 Spellcasting
 - Level 10.0 Hexes
 - Level 5.0 Summonings
 - Level 2.9 Necromancy
 - Level 5.0 Air Magic


You had 14 spell levels left.
You knew the following spells:

 Your Spells              Type           Power        Failure   Level  Hunger
a - Ensorcelled Hibernat  Hex/Ice        ####..       1%          2    None
b - Confuse               Hex            #####...     1%          3    None
c - Tukima's Dance        Hex            #####...     1%          3    None
d - Dazzling Spray        Conj/Hex       ####..       3%          3    None
g - Regeneration          Chrm/Necr      ##........   14%         3    None
s - Summon Lightning Spi  Summ/Air       ####....     11%         4    ###....
P - Passwall              Tmut/Erth      #.......     13%         2    None

Your spell library contained the following spells:

 Spells                   Type           Power        Failure   Level  Hunger
 Corona                   Hex            #####..      1%          1    None
 Animate Skeleton         Necr           N/A          2%          1    None
 Pain                     Necr           ###.         2%          1    None
 Shock                    Conj/Air       ###.         3%          1    None
 Swiftness                Chrm/Air       ###.....     4%          2    None
 Vampiric Draining        Necr           ###.......   8%          3    None
 Magic Dart               Conj           #...         9%          1    None
 Sandblast                Erth           #.....       9%          1    None
 Static Discharge         Conj/Air       ###.....     9%          3    None
 Airstrike                Air            ####......   11%         4    ###....
 Fulminant Prism          Conj/Hex       ####......   11%         4    ###....
 Silence                  Hex/Air        ####......   11%         5    #####..
 Searing Ray              Conj           #.....       13%         2    None
 Animate Dead             Necr           N/A          24%         4    ###....
 Stone Arrow              Conj/Erth      #.....       26%         3    None
 Force Lance              Conj/Tloc      #.......     63%         4    ###....
 Iskenderun's Mystic Bla  Conj           #.......     63%         4    ###....
 Petrify                  Tmut/Erth      #.......     63%         4    ###....
 Lightning Bolt           Conj/Air       ###.......   63%         5    #####..
 Lee's Rapid Deconstruct  Erth           #.........   93%         5    #####..
 Conjure Ball Lightning   Conj/Air       ###.......   99%         6    ######.
 Deflect Missiles         Chrm/Air       ###.......   99%         6    ######.
 Tornado                  Air            ####......   100%        9    #######


Dungeon Overview and Level Annotations

Branches:
Dungeon (15/15)            Temple (1/1) D:6            Lair (6/6) D:9
 Shoals (0/4) Lair:3        Snake (1/4) Lair:2        Slime (0/5) Lair:5
    Orc (2/2) D:10            Elf (0/3) Orc:2        Vaults (0/5) D:13
 Depths (0/5) D:15        Volcano (visited)

Altars:
Ashenzari
Cheibriados
Dithmenos
Elyvilon
Fedhas
Gozag
Hepliaklqana
Kikubaaqudgha
Makhleb
Nemelex Xobeh
Okawaru
Qazlal
Ru
Sif Muna
Trog
Uskayaw
Vehumet
Wu Jian
Xom
Yredelemnul
Zin
The Shining One

Shops:
Orc:2 !%[!   Snake:1 }==

Portals:
Trove: D:12 (show abyssal rune of Zot)

Annotations:
D:9 3 runed translucent doors, PlumEater's ghost, novice GrEE
D:14 Roxanne
D:15 come back
Lair:2 Nikola


Innate Abilities, Weirdness & Mutations

You are very small and have problems with some larger weapons.
You are too small for most types of armour.
You have supernaturally acute eyesight. (SInv)
You are a herbivore.
You cover ground extremely quickly.
You need to consume almost no food.


Message History

Nikola mumbles some strange words.
You hear a mighty clap of thunder!
The lightning arc hits you! You resist.
The lightning arc hits Nikola!
The lightning arc hits you! You resist.
The lightning arc hits Nikola.
The lightning arc hits you. You resist.
Nikola is no longer covered in acid.
Nikola casts a spell.
Nikola blinks!
Nikola gestures at you while chanting. The zap misses you.
Nikola mumbles some strange words.
Nikola blinks!
Nikola casts a spell.
You hear a mighty clap of thunder!
The lightning arc hits you! You resist.
* * * LOW HITPOINT WARNING * * *
The lightning arc hits Nikola!
The lightning arc hits you! You resist.
* * * LOW HITPOINT WARNING * * *
The lightning arc hits Nikola.
The lightning arc hits you! You resist.
You die...

### #### ###########
#.#####..########.##.#.##P#######
.................................
.................................
P##.#............................
####............@.ยง........#.#.##
##....#..@.###.....>..P.......
###.....##### #................
###.#.....# ##.......P......#
..........# #P.......#.......
#####.....# #...###..#......# #
#....P# ##..##.....##P..P. #
##...#### #.#.##............ #
#....P#.#####..###...#....#.#


You could see Nikola.

Vanquished Creatures
  An orc warlord (D:10)
  Nessos (Orc:2)
  A vault guard (D:13)
  5 hydras
  A catoblepas (Lair:3)
  A death knight (D:13)
  A naga warrior (Snake:1)
  4 centaur warriors
  An ogre mage (D:15)
  8 two-headed ogres
  An alligator (Lair:6)
  4 orc high priests
  2 tengu warriors (D:13)
  Nergalle (Lair:1)
  A shock serpent (Snake:1)
  4 skeletal warriors
  2 unseen horrors (D:12)
  A wizard (D:13)
  A wolf spider zombie (D:14)
  Pikel (D:6)
  A phantasmal warrior (D:14)
  7 orc knights
  3 anaconda skeletons (Volcano)
  2 deep elf magi
  A mana viper (Snake:1)
  6 orc sorcerers
  7 cyclopes
  3 manticores
  3 naga magi (Snake:1)
  A centaur zombie (D:11)
  A guardian serpent (Lair:2)
  11 black mambas
  25 spiny frogs
  8 gargoyles
  14 elephants
  An efreet (D:14)
  3 kobold demonologists
  3 centaur skeletons
  2 rime drakes
  2 freezing wraiths (D:13)
  6 komodo dragons
  2 redback zombies (D:14)
  10 trolls
  5 polar bears
  5 tyrant leeches (Lair:6)
  A harpy skeleton (Volcano)
  3 slime creatures
  28 blink frogs
  5 dream sheep (Lair:6)
  10 hippogriffs
  2 flying skulls (Volcano)
  A shadow (D:15)
  A spriggan (shapeshifter) (D:14)
  2 alligator skeletons (Volcano)
  4 wraiths
  Eustachio (D:6)
  21 yaks
  A human (D:6)
  A wyvern (D:13)
  4 hogs
  A steam dragon (D:9)
  9 vampire mosquitoes
  3 basilisks
  2 hungry ghosts
  6 wargs
  2 soldier ants
  9 water moccasins
  4 nagas (Snake:1)
  Duvessa (D:6)
  8 porcupines
  31 orc warriors
  4 sky beasts
  3 black bears
  12 ice beasts
  A necrophage (D:9)
  3 eyes of draining
  A phantom (D:6)
  3 wolves (D:11)
  9 centaurs
  7 ogres
  3 big kobolds
  12 crocodiles
  A gnoll sergeant (Orc:2)
  25 bullfrogs
  2 wyvern zombies
  Dowan (D:6)
  16 wights
  13 killer bees
  3 scorpions
  A troll skeleton (Volcano)
  2 electric eels
  2 spriggan skeletons (Volcano)
  7 howler monkeys
  6 crimson imps
  2 bullfrog zombies
  A lava snake (D:8)
  24 orc priests
  15 jellies
  6 hounds
  29 orc wizards
  Crazy Yiuf (D:5)
  2 bullfrog skeletons
  7 iguanas
  6 worker ants
  4 hell rats (Lair:6)
  2 killer bee zombies
  2 bullfrog simulacra (D:11)
  3 hound zombies
  2 naga skeletons (Volcano)
  A hound skeleton (D:11)
  A howler monkey zombie (D:11)
  A howler monkey skeleton (D:6)
  14 adders
  13 gnolls
  3 river rats (Lair:6)
  2 shadow imps
  A worker ant simulacrum (D:11)
  An ufetubus (D:11)
  2 oozes
  2 adder zombies
  3 adder skeletons
  2 worms
  4 leopard geckos
  69 orcs
  3 ball pythons
  7 giant cockroaches
  7 goblins
  5 hobgoblins
  11 jackals
  14 kobolds
  4 quokkas
  A ball python zombie (D:1)
  6 bats
  5 frilled lizards
  A giant cockroach zombie (D:5)
  A jackal zombie (D:1)
  A leopard gecko zombie (D:5)
  A quokka zombie (D:5)
  13 rats
  A plant (Lair:6)
778 creatures vanquished.

Vanquished Creatures (collateral kills)
  2 orc warriors (Orc:2)
  An ogre (Orc:2)
  An orc priest (Orc:2)
  2 orc wizards (Orc:2)
  2 orcs (Orc:1)
8 creatures vanquished.

Vanquished Creatures (others)
  A flying skull (Volcano)
  4 dancing weapons
  A bush (Lair:6)
  28 fungi
  63 plants
  A withered plant (D:15)
98 creatures vanquished.

Grand Total: 884 creatures vanquished

Notes
Turn   | Place    | Note
-------+----------+-------------------------------------------
     0 | D:1      | MirrMurr the Spriggan Enchanter began the quest for the
                  | Orb.
     0 | D:1      | Reached XP level 1. HP: 9/9 MP: 5/5
   250 | D:1      | Reached XP level 2. HP: 13/13 MP: 6/6
   254 | D:1      | Learned a level 2 spell: Ensorcelled Hibernation
   308 | D:1      | Reached skill level 5 in Stealth
  1318 | D:2      | Reached XP level 3. HP: 16/16 MP: 2/8
  1323 | D:2      | Learned a level 3 spell: Confuse
  1889 | D:2      | Reached skill level 6 in Stealth
  2550 | D:2      | Reached XP level 4. HP: 20/21 MP: 6/9
  3680 | D:4      | Learned a level 3 spell: Tukima's Dance
  3903 | D:4      | Reached skill level 7 in Stealth
  4126 | D:4      | Reached XP level 5. HP: 20/24 MP: 10/10
  4437 | D:5      | Entered Level 5 of the Dungeon
  4927 | D:5      | Found a snail-covered altar of Cheibriados.
  5033 | D:5      | Reached skill level 8 in Stealth
  5033 | D:5      | Reached XP level 6. HP: 27/28 MP: 6/11
  5259 | D:5      | Reached skill level 5 in Short Blades
  5275 | D:5      | Noticed an ice beast
  5288 | D:5      | Killed an ice beast
  5410 | D:5      | Found a runed translucent door.
  5411 | D:5      | Noticed Crazy Yiuf
  5418 | D:5      | Killed Crazy Yiuf
  5852 | D:5      | Reached skill level 5 in Hexes
  6137 | D:6      | Noticed Duvessa
  6137 | D:6      | Noticed Dowan
  6144 | D:6      | Killed Duvessa
  6144 | D:6      | Reached XP level 7. HP: 19/32 MP: 4/14
  6146 | D:6      | Killed Dowan
  6452 | D:6      | Found a glowing golden altar of the Shining One.
  6903 | D:6      | Noticed Eustachio
  6912 | D:6      | Killed Eustachio
  6912 | D:6      | Reached skill level 1 in Fighting
  6912 | D:6      | Reached XP level 8. HP: 37/37 MP: 11/15
  7227 | D:6      | Reached skill level 5 in Dodging
  7265 | D:6      | Found a staircase to the Ecumenical Temple.
  7271 | Temple   | Entered the Ecumenical Temple
  7467 | Temple   | Became a worshipper of Ashenzari the Shackled
  8405 | D:7      | Noticed Pikel
  8869 | D:6      | Killed Pikel
  8869 | D:6      | Reached XP level 9. HP: 32/44 MP: 11/16
  8878 | D:6      | Reached skill level 9 in Stealth
  9469 | D:8      | Reached skill level 10 in Dodging
  9585 | D:8      | Noticed a two-headed ogre
  9639 | D:8      | Killed a two-headed ogre
  9639 | D:8      | Reached skill level 10 in Stealth
  9826 | D:8      | Reached * piety under Ashenzari
 10124 | D:8      | Reached skill level 11 in Stealth
 10124 | D:8      | Reached XP level 10. HP: 33/49 MP: 4/17
 10874 | D:8      | Found a bloodstained altar of Trog.
 11268 | D:9      | Found a runed translucent gate.
 11268 | D:9      | Found a runed translucent gate.
 11268 | D:9      | Found a runed translucent gate.
 11701 | D:9      | Identified a scroll of acquirement
 11702 | D:9      | Found the cursed -2 hat of the Alchemist {rElec rPois rF+
                  | rC+ rN+ MR+ rMut rCorr}
 12136 | D:9      | Reached skill level 12 in Stealth
 12383 | D:9      | Found a staircase to the Lair.
 12661 | D:9      | Found a sacrificial altar of Ru.
 12663 | D:9      | Found a hazy altar of Hepliaklqana.
 12663 | D:9      | Found a stormy altar of Qazlal.
 12665 | D:9      | Found a blossoming altar of Fedhas.
 12665 | D:9      | Found an ancient bone altar of Kikubaaqudgha.
 12665 | D:9      | Found a sparkling altar of Nemelex Xobeh.
 12666 | D:9      | Found a shimmering altar of Xom.
 12937 | D:9      | Noticed PlumEater's ghost (novice GrEE)
 12960 | D:9      | Identified the ring "Syhargho" {Fire MR+}
 12994 | D:10     | Entered Level 10 of the Dungeon
 13407 | D:10     | Found a staircase to the Orcish Mines.
 13407 | D:10     | Noticed a gargoyle
 13423 | D:10     | Killed a gargoyle
 13423 | D:10     | Reached skill level 5 in Spellcasting
 13673 | D:10     | Noticed a death knight
 14224 | D:11     | Found a frozen archway.
 14454 | D:11     | Reached XP level 11. HP: 53/53 MP: 12/20
 14852 | D:11     | Reached ** piety under Ashenzari
 14958 | D:11     | Reached skill level 13 in Stealth
 15036 | D:11     | Noticed an eight-headed hydra
 15041 | D:11     | Killed an eight-headed hydra
 15497 | D:10     | Found a staircase to the Orcish Mines.
 15983 | D:11     | Reached skill level 5 in Fighting
 16480 | Lair:1   | Entered Level 1 of the Lair of Beasts
 16512 | Lair:1   | Noticed Nergalle
 16698 | Lair:1   | Killed Nergalle
 17335 | Lair:2   | Reached skill level 10 in Hexes
 17576 | Lair:2   | Noticed a seven-headed hydra
 17581 | Lair:2   | Killed a seven-headed hydra
 17612 | Lair:2   | Reached *** piety under Ashenzari
 17618 | Lair:2   | Reached skill level 10 in Short Blades
 17645 | Lair:1   | Reached XP level 12. HP: 60/60 MP: 15/22
 17854 | Lair:2   | Found a staircase to the Snake Pit.
 18032 | Lair:2   | Reached skill level 1 in Shields
 18052 | Lair:2   | Found a sacrificial altar of Ru.
 18229 | Lair:2   | Got the rapier "Roywefuj" {freeze, rF+ Str+4 SInv}
 18230 | Lair:2   | Identified the +2 rapier "Roywefuj" {freeze, rF+ Str+4
                  | SInv} (You found it on level 2 of the Lair of Beasts)
 18262 | Lair:2   | Reached skill level 14 in Stealth
 18736 | Lair:3   | Found a dark tunnel.
 18745 | Volcano  | Entered a volcano
 19434 | Volcano  | HP: 3/62 [anaconda skeleton (2)]
 19435 | Volcano  | HP: 1/62 [anaconda skeleton (2)]
 20237 | Lair:3   | Noticed a catoblepas
 20288 | Lair:3   | Learned a level 3 spell: Dazzling Spray
 20293 | Lair:3   | Learned a level 4 spell: Summon Lightning Spire
 20362 | Lair:3   | Found a staircase to the Shoals.
 20369 | Lair:3   | Reached skill level 15 in Stealth
 20831 | Lair:3   | Killed a catoblepas
 21329 | Lair:3   | Reached skill level 1 in Air Magic
 21439 | Lair:4   | Reached skill level 5 in Shields
 21471 | Lair:4   | Reached **** piety under Ashenzari
 21497 | Lair:4   | Noticed a death yak
 21499 | Lair:4   | Noticed a death yak
 21499 | Lair:4   | Noticed a death yak
 21500 | Lair:4   | Noticed a death yak
 21986 | Lair:4   | Reached XP level 13. HP: 67/67 MP: 19/23
 22901 | Lair:5   | Found a staircase to the Slime Pits.
 23368 | Lair:5   | Reached ***** piety under Ashenzari
 23526 | Lair:5   | Reached skill level 16 in Stealth
 24042 | Lair:6   | Entered Level 6 of the Lair of Beasts
 24278 | Lair:6   | Reached skill level 1 in Summonings
 25365 | Lair:5   | Reached skill level 5 in Air Magic
 26697 | Lair:6   | Reached XP level 14. HP: 74/74 MP: 17/26
 26715 | Lair:6   | Reached skill level 17 in Stealth
 27345 | Lair:6   | Reached skill level 5 in Summonings
 27683 | Lair:6   | Identified the +0 cloak of Unreason {rC+ MR+}
 29659 | Lair:6   | Learned a level 2 spell: Passwall
 29663 | Lair:6   | Learned a level 3 spell: Regeneration
 29984 | D:12     | Reached skill level 18 in Stealth
 30762 | D:12     | Found a portal to a secret trove of treasure.
 31113 | D:13     | Reached skill level 10 in Fighting
 31390 | D:13     | Reached skill level 19 in Stealth
 31583 | D:13     | Found the +5 scythe "Finisher" {speed, eviscerate}
 31794 | D:13     | Reached skill level 20 in Stealth
 32106 | D:13     | Found a gate to the Vaults.
 32536 | D:14     | Noticed Roxanne
 33870 | D:14     | Reached XP level 15. HP: 80/80 MP: 22/27
 34006 | D:15     | Entered Level 15 of the Dungeon
 34438 | D:15     | Found a staircase to the Depths.
 35145 | D:15     | Reached skill level 21 in Stealth
 35704 | Orc:1    | Entered Level 1 of the Orcish Mines
 35704 | Orc:1    | Noticed an orc warlord
 35736 | D:10     | Reached skill level 1 in Necromancy
 36008 | D:10     | Killed an orc warlord
 38265 | Orc:2    | Entered Level 2 of the Orcish Mines
 38265 | Orc:2    | Found a staircase to the Elven Halls.
 38467 | Orc:2    | Reached skill level 15 in Dodging
 38847 | Orc:2    | Noticed Nessos
 38861 | Orc:2    | Killed Nessos
 39155 | Orc:2    | HP: 3/80 [orc knight/+3 war axe (24)]
 41747 | Orc:2    | Found Pieturot's Distillery.
 41747 | Orc:2    | Found Fevufaa's Distillery.
 41749 | Orc:2    | Found Ebymygru's Food Boutique.
 41749 | Orc:2    | Found Hadoaj's Armour Emporium.
 41974 | Orc:2    | Bought a potion of ambrosia for 120 gold pieces
 41974 | Orc:2    | Bought a potion of heal wounds for 75 gold pieces
 41974 | Orc:2    | Bought a potion of flight for 45 gold pieces
 41974 | Orc:2    | Bought a potion of heal wounds for 75 gold pieces
 41974 | Orc:2    | Bought 2 potions of flight for 90 gold pieces
 41974 | Orc:2    | Bought a potion of curing for 45 gold pieces
 41974 | Orc:2    | Bought a potion of invisibility for 120 gold pieces
 41979 | Orc:2    | Bought a potion of might for 44 gold pieces
 41979 | Orc:2    | Bought a potion of ambrosia for 88 gold pieces
 41979 | Orc:2    | Bought a potion of might for 44 gold pieces
 41979 | Orc:2    | Bought a potion of ambrosia for 88 gold pieces
 41979 | Orc:2    | Bought a potion of curing for 33 gold pieces
 41979 | Orc:2    | Bought a potion of agility for 44 gold pieces
 41979 | Orc:2    | Bought a potion of haste for 110 gold pieces
 41979 | Orc:2    | Bought a potion of might for 44 gold pieces
 42127 | Snake:1  | Entered Level 1 of the Snake Pit
 42155 | Snake:1  | Found Fac Wasch's Gadget Shop.
 42155 | Snake:1  | Found Emumm's Jewellery Emporium.
 42156 | Snake:1  | Found Ima Yhar's Jewellery Emporium.
 42231 | Snake:1  | Reached skill level 10 in Spellcasting
 42373 | Snake:1  | Noticed Nikola
 42610 | Lair:2   | Killed from afar by Nikola

Levels and vault maps discovered:
D:1:      saegor_arrival_fortress, layout_basic
D:2:      layout_basic, first_ration
D:3:      layout_basic
D:4:      layout_basic
D:5:      layout_loops_ring, marbit_many_paths, uniq_crazy_yiuf_cottage
D:6:      layout_basic, tso_oasis_becter, temple_fountains, uniq_eustachio,
          uniq_duvessa
D:7:      layout_layer_cave, grunt_livestock, uniq_pikel
D:8:      layout_basic, lemuel_coloured_pillars_altar,
          kennysheep_cross_bottleneck
D:9:      layout_layer_cave, grunt_temple_overflow_open, erik_lair_dragon,
          gammafunk_ghost_icy
D:10:     layout_big_octagon, grunt_tough_drop
D:11:     layout_gridville, serial_ice, serial_ice_j, serial_ice_n,
          serial_ice_d, serial_ice_h, portal_ice_cave_entry_ice_beasts,
          minmay_shattered_shrine
D:12:     layout_gridville, enter_trove_3
D:13:     layout_roguey, david_vaults_5, minmay_liquid_box,
          minmay_guarded_unrand_finisher
D:14:     layout_stronghold, uniq_roxanne
D:15:     gammafunk_depths_entry_grave, layout_grid_maze, minmay_door_square,
          minivault_14
Temple:   minmay_temple_bridge_abc
Lair:1:   layout_gridlike, chequers_serial_rivers_large_b, uniq_nergalle
Lair:2:   layout_chaotic_city, minmay_snake_entry_spellcaster, basic_altar,
          serial_bayou_shore_a, grunt_megastairs_3
Lair:3:   statuecave_lemuel, layout_chaotic_city, minmay_shoals_entry_beasts,
          enter_volcano_2, beast_lair_carwin_6, serial_bayou_shore_b,
          lemuel_fruit_fields, infiniplex_staircase_pool_2
Lair:4:   layout_regular_city
Lair:5:   layout_regular_city, minmay_slime_entry_jelly_boxes,
          lemuel_fruit_fields
Lair:6:   minmay_lair_end_frog_pond, layout_long_grid,
          kennysheep_abandoned_house
Snake:1:  layout_honeycomb, minmay_shop_grove, uniq_nikola
Orc:1:    layout_caves
Orc:2:    grunt_orc_tribal_feast, layout_caves, uniq_nessos

Skill      XL: |  1  2  3  4  5  6  7  8  9 10 11 12 13 14 15 |
---------------+----------------------------------------------+-----
Stealth        | 5 6 7 8 11 12 13 15 16 20 21 | 21.6
Short Blades   | 2 3 4 5 7 8 10 | 10.0
Spellcasting   | 4 5 6 7 10 | 10.1
Hexes          | 5 8 10 | 10.0
Fighting       | 1 3 4 5 7 8 10 | 10.3
Dodging        | 4 9 11 12 13 14 15 | 15.5
Shields        | 5 |  5.0
Air Magic      | 2 5 |  5.0
Summonings     | 4 5 |  5.0
Necromancy     | 2 |  2.9

Action                   |  1- 3 |  4- 6 |  7- 9 | 10-12 | 13-15 || total
-------------------------+-------+-------+-------+-------+-------++-------
Melee: Dagger            |   147 |   192 |   178 |   494 |       ||  1011
       Quick blade       |       |       |       |   114 |  2248 ||  2362
       Rapier            |       |       |       |    71 |       ||    71
Throw: Dart              |       |       |     3 |       |       ||     3
 Cast: Corona            |     2 |       |       |       |       ||     2
       Ensorcelled Hiber |    12 |    37 |    62 |   170 |   570 ||   851
       Confuse           |       |    13 |    21 |    82 |   116 ||   232
       Dazzling Spray    |       |       |       |    14 |     3 ||    17
       Tukima's Dance    |       |       |       |       |    23 ||    23
       Summon Lightning  |       |       |       |       |     7 ||     7
Invok: Curse Item        |       |       |     1 |       |       ||     1
Evoke: Wand              |       |       |       |     2 |     3 ||     5
  Use: Scroll            |     1 |    16 |     2 |    11 |     4 ||    34
       Potion            |       |       |       |     1 |       ||     1
 Stab: Sleeping          |    16 |    37 |    36 |   130 |   261 ||   480
       Confused          |       |     6 |     9 |    51 |    63 ||   129
       Invisible         |       |       |       |     1 |       ||     1
       Distracted        |       |       |       |       |     8 ||     8
  Eat: Ration            |       |     4 |     3 |    11 |    13 ||    31
Armor: Robe              |    10 |    38 |    16 |    40 |    58 ||   162
Dodge: Dodged            |   122 |   146 |   148 |   622 |  1222 ||  2260
Block: Buckler           |       |       |       |    73 |   845 ||   918

Table legend:
 A = Non-vault XP
 B = Vault XP
 C = Vault XP percentage of total XP
 D = Non-vault monster count
 E = Vault monster count
 F = Vault count percentage of total count
                 A         B        C        D         E       F
            +---------+---------+-------+---------+---------+-------
      Total |   98592 |   43710 |  30.7 |     586 |     199 |  25.4
            +---------+---------+-------+---------+---------+-------
        D:1 |      19 |       2 |   9.5 |      10 |       2 |  16.7
        D:2 |      84 |       0 |   0.0 |      26 |       0 |   0.0
        D:3 |      79 |       0 |   0.0 |      21 |       0 |   0.0
        D:4 |      31 |       0 |   0.0 |       8 |       0 |   0.0
        D:5 |     425 |      83 |  16.3 |      23 |       2 |   8.0
        D:6 |     824 |    1838 |  69.0 |      21 |       8 |  27.6
        D:7 |      62 |     202 |  76.5 |       7 |       1 |  12.5
        D:8 |    2384 |       0 |   0.0 |      31 |       0 |   0.0
        D:9 |    1424 |     772 |  35.2 |      19 |       6 |  24.0
       D:10 |    6337 |     572 |   8.3 |      56 |       5 |   8.2
       D:11 |    3345 |    4627 |  58.0 |      32 |      28 |  46.7
       D:12 |    7167 |       0 |   0.0 |      24 |       0 |   0.0
       D:13 |    9684 |    1619 |  14.3 |      28 |       4 |  12.5
       D:14 |    8995 |     615 |   6.4 |      34 |       1 |   2.9
       D:15 |    9852 |       0 |   0.0 |      28 |       0 |   0.0
     Lair:1 |    1319 |     828 |  38.6 |       7 |       1 |  12.5
     Lair:2 |    2483 |    1579 |  38.9 |      13 |       3 |  18.8
     Lair:3 |    2119 |    1572 |  42.6 |       8 |       6 |  42.9
     Lair:4 |    6208 |       0 |   0.0 |      18 |       0 |   0.0
     Lair:5 |    6957 |    3211 |  31.6 |      22 |      28 |  56.0
     Lair:6 |   14600 |   11359 |  43.8 |      45 |      53 |  54.1
    Snake:1 |    5621 |       0 |   0.0 |      13 |       0 |   0.0
      Orc:1 |    4511 |     607 |  11.9 |      44 |       1 |   2.2
      Orc:2 |    4062 |    7642 |  65.3 |      48 |      30 |  38.5
    Volcano |       0 |    6582 | 100.0 |       0 |      20 | 100.0
            +---------+---------+-------+---------+---------+-------
